[Event "Sunway Sitges Chess Festival"]
[Date "2024.12.21"]
[White "Leisch, Lukas"]
[Black "Song, Edward"]
[WhiteElo "2417"]
[BlackElo "2363"]
[Round "4.6"]
[Result "0-1"]
[TimeControl "40/5400+30:1800+30"]

1. d4 d5 2. c4 c6 3. Nf3 Nf6 4. g3 Bg4 5. Ne5 Bf5 6. Qb3 Qb6 7. cxd5 Nxd5 8. Bg2 Qxb3 9. axb3 Nb4 10. Na3 Bc2 11. Kd2 Bf5 12. e4 Bc8 13. Nc2 e6 14. Kc3 N8a6 15. Bf4 Nxc2 16. Kxc2 Bd6 17. Nxf7 Bxf4 18. Nxh8 Bc7 19. h4 Bd7 20. h5 Ke7 21. h6 g5 22. Ng6+ hxg6 23. e5 Bb6 24. Kc3 Nc7 25. Rad1 Nd5+ 26. Kd3 Kf7 27. Be4 Rh8 28. Kc4 Be8 29. Rd3 Kg8 30. Rf3 Bd8 31. b4 Be7 32. Bxd5 cxd5+ 33. Kb3 a6 34. g4 Bc6 35. h7+ Kg7 36. Rfh3 Bd8 37. Kc3 Bb5 38. f3 Bb6 39. Rh6 Be2 40. R6h3 Bb5 41. Rh6 Ba7 42. R6h2 Rc8+ 43. Kb3 Kh8 44. Rh6 Bd3 45. R1h2 Rc1 46. b5 a5 47. Rh1 Rc4 48. R1h2 Bxd4 49. Rd2 Bb1 50. Rh1 a4+ 51. Ka3 Bc5+ 52. b4 Bxb4+ 0-1

[Variant "Standard"]
[Site "Europe Echecs"]

[Event "Sunway Sitges Chess Festival"]
[Date "2024.12.21"]
[White "Hess, Max"]
[Black "Arfan, Aditya Bagus"]
[WhiteElo "2385"]
[BlackElo "2416"]
[Round "4.7"]
[Result "1/2-1/2"]
[TimeControl "40/5400+30:1800+30"]

1. d4 Nf6 2. c4 g6 3. Nc3 Bg7 4. e4 d6 5. Be2 O-O 6. Nf3 Nc6 7. d5 Nb8 8. O-O c6 9. h3 a6 10. Re1 b5 11. a3 bxc4 12. Bxc4 Bb7 13. Bf4 Nbd7 14. Qd2 Rc8 15. Ba2 cxd5 16. exd5 Nb6 17. Bh6 Nc4 18. Bxc4 Rxc4 19. Bxg7 Kxg7 20. Re3 Re8 21. Rae1 Rc5 22. b4 Rc7 23. Qd4 Qc8 24. Nd2 Kf8 25. Nce4 Rc1 26. Nxf6 Rxe1+ 27. Rxe1 exf6 28. Rxe8+ Qxe8 29. Qxf6 Qe1+ 30. Nf1 Qe5 31.
Qd8+ Kg7 32. Qb6 Qxd5 33. Ne3 Qc6 34.
Qd4+ Kg8 35. f3 Qc1+ 36. Kh2 Qc7 37.
Ng4 h5 38. Nf6+ Kf8 39. Nh7+ Ke7 40.
Qf6+ Ke8 41. Qd4 Qe7 42. Nf6+ Kd8 43.
Qb6+ Qc7 44. Qd4 Qe7 45. Qb6+ Qc7 46.
Qd4 Qe7 1/2-1/2

[Variant "Standard"]
[Site "Europe Echecs"]

[Event "Sunway Sitges Chess Festival"]
[Date "2024.12.21"]
[White "Moussard, Jules"]
[Black "Shamatava, Nikolozi"]
[WhiteElo "2649"]
[BlackElo "2334"]
[Round "4.8"]
[Result "1/2-1/2"]
[TimeControl "40/5400+30:1800+30"]

1. e4 e5 2. Nf3 Nc6 3. Bb5 a6 4. Ba4 Nf6 5. d3 b5 6. Bb3 Bc5 7. c3 d6 8. Bg5 h6 9. Bh4 g5 10. Bg3 Bg4 11. Nbd2 Qd7 12. a4 Rb8 13. axb5 axb5 14. Nf1 Kf8 15. Ne3 Bh5 16. O-O Bxe3 17. fxe3 Kg7 18. Qd2 Ra8 19. Rae1 Rhf8 20. h3 Bg6 21. Re2 Ne7 22. Nxe5 dxe5 23. Bxe5 Ng8 24. Ref2 Ra6 25. c4 b4 26. c5 Qe7 27. Bd4 Kh7 28. Bc4 Rc6 29. Qxb4 Nd7 30. Qb5 Ne5 31. Bxe5 Rxc5 32. Qb3 Rxc4 33. Qxc4 Qxe5 34. Rc1 Rd8 35. Qc3 Qe6 36. Rd2 Rd7 37. Rf1 Qb6 38. Rf3 Bh5 39. g4 Bg6 40. Rdf2 Qe6 41. Rd2 Qb6 42. Qc4 Qa5 43. Rff2 Qe5 44. Rg2 Qf6 45. Rgf2 Qe5 46. Rg2 Qf6 47. Rgf2 1/2-1/2

[Variant "Standard"]
[Site "Europe Echecs"]

[Event "Sunway Sitges Chess Festival"]
[Date "2024.12.21"]
[White "Alekseenko, Kirill"]
[Black "Mouhamad, Joachim"]
[WhiteElo "2673"]
[BlackElo "2252"]
[Round "4.9"]
[Result "1-0"]
[TimeControl "40/5400+30:1800+30"]

1. e4 c5 2. Nf3 e6 3. Nc3 Nc6 4. Be2 a6 5. d4 cxd4 6. Nxd4 Qc7 7. Nxc6 Qxc6 8. O-O Qc7 9. a4 b6 10. Bf3 Bb7 11. e5 Ne7 12. Ne4 Nf5 13. Re1 Rc8 14. c3 Be7 15. Bf4 Nh4 16. Bg3 Nxf3+ 17. Qxf3 O-O 18. Rad1 Qc6 19. Rd4 Ba8 20. Qd3 b5 21. axb5 axb5 22. f3 b4 23. c4 Bc5 24. Nxc5 Qxc5 25. Bf2 h6 26. b3 Qa5 27. Rxd7 Rcd8 28. Rd6 Rxd6 29. exd6 Bc6 30. Qd4 Rd8 31. Ra1 1-0

[Variant "Standard"]
[Site "Europe Echecs"]

[Event "Sunway Sitges Chess Festival"]
[Date "2024.12.21"]
[White "Li, Di"]
[Black "Khusenkhojaev, Mustafokhuja"]
[WhiteElo "2440"]
[BlackElo "2339"]
[Round "4.10"]
[Result "1-0"]
[TimeControl "40/5400+30:1800+30"]

1. c4 Nf6 2. Nc3 c5 3. g3 d5 4. cxd5 Nxd5 5. Bg2 Nc7 6. Qb3 Nd7 7. Nf3 e5 8. d3 Be7 9. Nd2 O-O 10. O-O Nb6 11. Nc4 Be6 12. Qc2 Nxc4 13. dxc4 Qc8 14. Qe4 Rb8 15. Qxe5 Rd8 16. Bf4 Bd6 17. Qe3 Bxf4 18. Qxf4 Rd4 19. Qe5 Rxc4 20. Rfd1 f6 21. Qd6 Ne8 22. Qe7 Rd4 23. e3 Rxd1+ 24. Rxd1 h6 25. Nb5 Bc4 26. Rd7 Qd8 1-0

[Variant "Standard"]
[Site "Europe Echecs"]

[Event "Sunway Sitges Chess Festival"]
[Date "2024.12.21"]
[White "Safarov, Deniel"]
[Black "Gavrilescu, David"]
[WhiteElo "2319"]
[BlackElo "2549"]
[Round "4.11"]
[Result "1-0"]
[TimeControl "40/5400+30:1800+30"]

1. e4 c6 2. d4 d5 3. Nd2 dxe4 4. Nxe4 Nf6 5. Nxf6+ exf6 6. c3 Bd6 7. Bd3 O-O 8. Qc2 Re8+ 9. Ne2 h5 10. Be3 Nd7 11. O-O-O b5 12. d5 c5 13. Bxb5 Rb8 14. Bc6 Rxe3 15. fxe3 Ne5 16. c4 Qa5 17. b3 Ng4 18. Ba4 g6 19. Qd2 Qc7 20. Nc3 Nxe3 21. Ne4 Bf4 22. d6 Qd8 23. Rhf1 Bh6 24. Nxf6+ Kf8 25. d7 Nf5 26. Rf4 Bb7 27. Kb1 Kg7 28. Ne8+ Kh7 29. Nd6 Qc7 30. g3 Rd8 31. Nxb7 Qxb7 32. Qd5 Qb6 33. Qxf7+ Bg7 34. Rxf5 gxf5 35. Qxh5+ Kg8 36. Re1 Rf8 37. Re8 Qf6 38. Rxf8+ Qxf8 39. Bc6 Bf6 40.
Qxf5 1-0

[Variant "Standard"]
[Site "Europe Echecs"]

[Event "Sunway Sitges Chess Festival"]
[Date "2024.12.21"]
[White "Coles, Robin"]
[Black "Siddharth, Jagadeesh"]
[WhiteElo "2291"]
[BlackElo "2510"]
[Round "4.12"]
[Result "0-1"]
[TimeControl "40/5400+30:1800+30"]

1. e4 e5 2. Nf3 Nc6 3. Bb5 a6 4. Ba4 Nf6 5. O-O Be7 6. Re1 b5 7. Bb3 d6 8. c3 O-O 9. h3 Nb8 10. d4 Nbd7 11. Nbd2 Bb7 12. Bc2 Re8 13. Nf1 Bf8 14. Ng3 a5 15. d5 c6 16. dxc6 Bxc6 17. a4 bxa4 18. Bxa4 Bxa4 19. Qxa4 Nc5 20. Qc2 h6 21. Be3 Qc8 22. Red1 Qc6 23. Bxc5 Qxc5 24. Nd2 Red8 25. Nf5 d5 26. exd5 Nxd5 27. Ne4 Qc6 28. Ne3 Nxe3 29. fxe3 Qg6 30. Rac1 Rxd1+ 31. Rxd1 Bc5 32. Qd3 Bb6 33. Nf2 Qg3 34. Qe4 Rf8 35. Ng4 Bc7 36. Qc4 Bb8 37. e4 Qf4 38. Qd5 a4 39. Qc4 h5 40. Nh2 Ba7+ 41. Kh1 Qf2 42. Qxa4 Be3 43. Rf1 Qxb2 44. Qd1 g6 45. Qd3 Qb6 46. Rb1 Rd8 47. Qf1 Qc6 48. Qf3 Qxc3 49. Rf1 Rd7 50. Qf6 Bh6 51. Nf3 Bg7 52. Qb6 Qc7 53. Qb3 Bh6 54. Ng1 Qd6 55. Qa2 Qd3 56. Re1 Qg3 57. Nf3 Rd2 58. Qa8+ Kg7 59. Rg1 Bf4 60. Qa5 Rf2 0-1

[Variant "Standard"]
[Site "Europe Echecs"]

[Event "Sunway Sitges Chess Festival"]
[Date "2024.12.21"]
[White "Gholami Orimi, Mahdi"]
[Black "Savitha Shri B"]
[WhiteElo "2402"]
[BlackElo "2329"]
[Round "4.13"]
[Result "1/2-1/2"]
[TimeControl "40/5400+30:1800+30"]

1. d4 Nf6 2. c4 e6 3. Nc3 Bb4 4. e3 O-O 5. Bd3 c5 6. Ne2 cxd4 7. exd4 d5 8. cxd5 Nxd5 9. O-O Nc6 10. a3 Bd6 11. Re1 Qh4 12. g3 Qh5 13. Nxd5 exd5 14. Bf4 Bxf4 15. Nxf4 Qxd1 16. Raxd1 Bg4 17. Rd2 Rfe8 18. Rxe8+ Rxe8 19. Nxd5 Rd8 20. Be4 Be6 21. Nc3 Nxd4 22. Kg2 Nc6 23. Rxd8+ Nxd8 24. Nb5 f5 25. Bf3 a5 26. h4 Kf8 27. Nd4 Ke7 28. Kf1 Bc4+ 29. Ke1 Kf6 30. Kd2 Ke5 31. Kc3 Bf1 32. Bd1 Ne6 33. f4+ Kf6 34. Bf3 b6 35. Bd5 Nc7 36. Bg8 h6 37. Nc2 Nb5+ 38. Kb3 Nd6 39. Ne3 Be2 40. Bd5 g5 41. hxg5+ hxg5 42. Kc3 g4 43. a4 Ne8 44. Bc6 Ng7 45. Bd7 Bf3 46. Kd4 Bh1 47. Kc4 Be4 48. Kb5 Nh5 49. Kxb6 Nxg3 50. Nxg4+ fxg4 51. Bxg4 Nf1 52.
Kxa5 Ne3 53. Be2 Nd5 54. Bc4 Ne3 55. Bg8 Ke7 56. Kb6 Kd6 57. a5 Ng2 58. b4 Nxf4 59. a6 Nd3 60. b5 Nc5 61. Ka7 Bd3 62. b6 1/2-1/2

[Variant "Standard"]
[Site "Europe Echecs"]

[Event "Sunway Sitges Chess Festival"]
[Date "2024.12.21"]
[White "Ilamparthi A R"]
[Black "Karimov, Alisher"]
[WhiteElo "2391"]
[BlackElo "2296"]
[Round "4.14"]
[Result "1-0"]
[TimeControl "40/5400+30:1800+30"]

1. e4 c5 2. Nf3 e6 3. d4 cxd4 4. Nxd4 Nc6 5. Nc3 Qc7 6. Be3 a6 7. g4 h6 8. h4 b5 9. Nxc6 Qxc6 10. Qd2 b4 11. Ne2 Qxe4 12. Rg1 Qc4 13. Ng3 Qc7 14. O-O-O Nf6 15. Bf4 Qb6 16. Be5 Nd5 17. Nh5 f6 18. Bd4 Qa5 19. Qd3 e5 20. Qe4 Kd8 21. Qxd5 Qxd5 22. Bb6+ Ke7 23. Rxd5 g6 24. Ng3 Bb7 25. Rd2 Ke6 26. Bd3 h5 27. Bxg6 1-0

[Variant "Standard"]
[Site "Europe Echecs"]

[Event "Sunway Sitges Chess Festival"]
[Date "2024.12.21"]
[White "Torres Rosas, Luis Carlos"]
[Black "Lopez Martinez, Josep Manuel"]
[WhiteElo "2277"]
[BlackElo "2455"]
[Round "4.15"]
[Result "1/2-1/2"]
[TimeControl "40/5400+30:1800+30"]

1. d4 Nf6 2. c4 g6 3. Nc3 Bg7 4. e4 d6 5. Nf3 Bg4 6. Be2 Bxf3 7. Bxf3 e5 8.
d5 h5 9. b4 a5 10. bxa5 Rxa5 11. a4 Nfd7 12. Ba3 O-O 13. O-O Na6 14. Qc2 Nac5 15. Bb4 Ra6 16. a5 f5 17. Ra3 Ra8 18. Ne2 h4 19. h3 Bh6 20. Nc1 Na6 21.
Bc3 Qf6 22. Nd3 Ndc5 23. Nxc5 Nxc5 24.
Bb4 Na6 25. Bc3 Nc5 26. Bb4 Na6 27. Bc3
1/2-1/2

[Variant "Standard"]
[Site "Europe Echecs"]

[Event "Sunway Sitges Chess Festival"]
[Date "2024.12.21"]
[White "Raczek, Krzysztof"]
[Black "Filgueiras, Nathan Felipe"]
[WhiteElo "2443"]
[BlackElo "2328"]
[Round "4.16"]
[Result "1-0"]
[TimeControl "40/5400+30:1800+30"]

1. e4 c5 2. Nf3 Nc6 3. Bb5 e6 4. Bxc6 bxc6 5. d3 Qc7 6. Nbd2 e5 7. b3 d6 8. Nc4 g6 9. Bb2 Bg7 10. Nfd2 f6 11. Ne3 Ne7 12. Qe2 Be6 13. h4 h5 14. O-O-O O-O-O 15. g3 Bh6 16. Rdf1 d5 17. f4 Rhf8 18. fxe5 fxe5 19. Kb1 c4 20. dxc4 d4 21. Nd1 Qa5 22. Nf3 Bg4 23. Qd3 Bxf3 24. Rxf3 Rxf3 25. Qxf3 d3 26. Nc3 d2 27. Na4 Qc7 28. Rd1 Qd6 29. Bc3 Ng8 30. c5 Qe6 31. Qe2 Kb7 32. Nb2 Nf6 33. Bxd2 Bxd2 34. Nc4 Qg4 35. Qxg4 hxg4 36. Rxd2 Rxd2 37. Nxd2 Nh5 38. Nf1 Nf6 39. Ne3 Kc7 40. Nc4 Nxe4 41. Nxe5 Nxg3 42. Nxg6 Nf5 43.
h5 g3 44. Nf4 Kd7 45. Kc1 Ke7 46. Kd2 Kf6 47. Ke2 Nd4+ 48. Kd3 Ne6 49. Ne2 g2 50. Ke3 Ng7 51. Kf2 Nxh5 52. Kxg2 Ke5 53. Kf3 Ng7 54. Nc3 Ne6 55. Ke3 Nxc5 56. Ne2 Kd5 57. Nf4+ Kd6 58. Kd4 Nd7 59. Nd3 c5+ 60. Kc3 Nb6 61. Ne1 Kc6 62. Nf3 Nd5+ 63. Kb2 Nb6 64. Nd2 Kb5 65. Ne4 Kc6 66. Nc3 Nc8 67. Kc1 Nd6 68. Kd2 Nc8 69. Kd3 Nd6 70. Ne4 Nf7 71. Nd2 Ne5+ 72. Ke4 Nf7 73. Nc4 Nd8 74. Ke5 Nf7+ 75. Kf6 Nd8 76. Ke7 Kc7 77. Na5 Kb6 78. Kxd8 Kxa5 79. Kc7 Kb5 80. Kd6 Kb4 81. Kd5 a5 82. a4 1-0

[Variant "Standard"]
[Site "Europe Echecs"]

[Event "Sunway Sitges Chess Festival"]
[Date "2024.12.21"]
[White "Brzezina, Piotr"]
[Black "Makkar, Rajat"]
[WhiteElo "2274"]
[BlackElo "2433"]
[Round "4.17"]
[Result "1-0"]
[TimeControl "40/5400+30:1800+30"]

1. e4 e5 2. Nf3 Nc6 3. Bc4 Bc5 4. d3 h6 5. c3 Nf6 6. b4 Bb6 7. a4 a6 8. O-O O-O 9. Nbd2 d6 10. Re1 Ne7 11. d4 Ng6 12. Bf1 c6 13. Qc2 Be6 14. h3 Nh5 15. a5 Ba7 16. dxe5 dxe5 17. c4 Qf6 18. c5 Rad8 19. Bb2 Bb8 20. Rad1 Nhf4 21. Qc3 Rd4 22. Nc4 Bxc4 23. Bxc4 Rfd8 24. Qb3 R4d7 25. Rxd7 Rxd7 26. Rd1 Qe7 27. Bc1 Kf8 28. g3 Nh5 29. Kg2 Nf6 30. Rxd7 Qxd7 31. Qd3 Qxd3 32. Bxd3 Ke7 33. Nd2 Nf8 34. Nc4 Ne6 35. Bb2 Nd7 36. h4 h5 37. Kf3 f6 38. Ke2 g5 39. Ne3 Ndf8 40. Nf5+ Kd7 41. Kf1 gxh4 42. Nxh4 Ng5 43. Ke2 Nfe6 44. Ke3 Ba7 45. Bc3 Ng7 46. Nf5 Nxf5+ 47. exf5 Ke7 48. Be2 Bb8 49.
Bxh5 Bc7 50. Bg4 Bd8 51. f4 exf4+ 52.
gxf4 Nf7 53. Be2 Nh6 54. Ke4 Kd7 55. Bc4 Ng4 56. Kf3 Nh6 57. Be6+ Kc7 58. Ke4 1-0

[Variant "Standard"]
[Site "Europe Echecs"]

[Event "Sunway Sitges Chess Festival"]
[Date "2024.12.21"]
[White "Van Zyl-Rudd, Jack"]
[Black "Gormally, Daniel W"]
[WhiteElo "2268"]
[BlackElo "2424"]
[Round "4.18"]
[Result "1/2-1/2"]
[TimeControl "40/5400+30:1800+30"]

1. e4 c6 2. d4 d5 3. f3 dxe4 4. fxe4 e5 5. Nf3 Bg4 6. c3 Nd7 7. Nbd2 Qc7 8. Be2 Ngf6 9. O-O Be7 10. Nh4 Bxe2 11. Qxe2 g6 12. Nc4 b5 13. Nxe5 Nxe5 14. Bf4 Nfd7 15. dxe5 Qb6+ 16. Be3 Bc5 17. Bxc5 Qxc5+ 18. Qf2 Qxf2+ 19. Rxf2 Nxe5 20. Nf3 Nxf3+ 21. gxf3 1/2-1/2

[Variant "Standard"]
[Site "Europe Echecs"]

[Event "Sunway Sitges Chess Festival"]
[Date "2024.12.21"]
[White "Dudognon, Thibault"]
[Black "Esplugas Esteve, Vicenc"]
[WhiteElo "2411"]
[BlackElo "2277"]
[Round "4.19"]
[Result "1-0"]
[TimeControl "40/5400+30:1800+30"]

1. e4 e6 2. d4 d5 3. e5 c5 4. c3 Nc6 5. Nf3 Nh6 6. Bxh6 gxh6 7. Bb5 Qb6 8. Qe2 a6 9. Bxc6+ bxc6 10. O-O a5 11. Qd2 Rb8 12. b3 Qa6 13. dxc5 Bxc5 14. Qxh6 Qd3 15. Qg7 Rf8 16. Nbd2 Rb7 17. Qg5 Be7 18. Qe3 Qg6 19. c4 c5 20. Rac1 Rc7 21. Rfd1 Rg8 22. g3 h5 23. Qf4 Qh7 24. h3 Bf8 25. cxd5 exd5 26. Ng5 Rxg5 27. Qxg5 Bxh3 28. Qf4 Bh6 29. Qa4+ Bd7 30. Qxa5 Rc8 31. Rxc5 Rxc5 32. Qxc5 Qd3 33. Qb4 Qc2 34. Qb8+ Ke7 35. Qd6+ Kd8 36. Qxh6 Qxd1+ 37. Kh2 Be6 38. Qe3 Qg4 39. Nf3 Ke8 40. Qf4 Qg6 41. Nd4 Bc8 42. Qf6 Qxf6 43. exf6 Kd7 44. f4 Kd6 45. b4 Bd7 46. Kg2 Ba4 47. Kh3 Bd1 48. Kh4 Kd7 49. Kg5 Kd6 50. Kh6 Kd7 51. Kg7 Ke8 52. b5 1-0

[Variant "Standard"]
[Site "Europe Echecs"]

[Event "Sunway Sitges Chess Festival"]
[Date "2024.12.21"]
[White "Diaz Rosas, Julio Cesar"]
[Black "Liu, Yi"]
[WhiteElo "2401"]
[BlackElo "2261"]
[Round "4.20"]
[Result "1-0"]
[TimeControl "40/5400+30:1800+30"]

1. e4 e6 2. d4 d5 3. Nc3 Nf6 4. e5 Nfd7 5. f4 c5 6. Nf3 Nc6 7. a3 cxd4 8. Nb5 Be7 9. Nbxd4 O-O 10. Be3 Nc5 11. b4 Ne4 12. Bd3 Nxd4 13. Bxd4 Bd7 14. O-O b5 15. Qe2 a5 16. c3 Qc7 17. Bxe4 dxe4 18. Qxe4 Ra6 19. Ng5 Bxg5 20. fxg5 Bc6 21. Qf4 Bd5 22. Bc5 Rd8 23. h4 axb4 24. cxb4 Qb7 25. Rf2 Rda8 26. h5 Be4 27. Rd2 Bd5 28. h6 Rxa3 29. Rxa3 Rxa3 30. hxg7 Ra2 31. Rxa2 Bxa2 32. g6 Bb1 33. Qh4 hxg6 34. Qh8# 1-0

[Variant "Standard"]
[Site "Europe Echecs"]

[Event "Sunway Sitges Chess Festival"]
[Date "2024.12.21"]
[White "Shukhman, Anna"]
[Black "Sofronie, Iulian"]
[WhiteElo "2245"]
[BlackElo "2368"]
[Round "4.21"]
[Result "0-1"]
[TimeControl "40/5400+30:1800+30"]

1. e4 e5 2. Nf3 Nc6 3. Bb5 a6 4. Ba4 Nge7 5. Nc3 Ng6 6. h4 h5 7. d4 exd4 8. Nxd4 Bb4 9.
Bg5 f6 10. Nxc6 bxc6 11. Bd2 Qe7 12.
Qe2 a5 13. f4 Bxc3 14. Bxc3 Nxf4 15.
Qf3 Nd5 16. O-O-O Nxc3 17. Qxc3 Qb4 18.
Qg3 Qxa4 19. Qxg7 Rf8 20. Rhf1 Qxa2 21.
Rxf6 Rg8 22. Qh6 Rb8 23. Rf2 Qxb2+ 24.
Kd2 Qb4+ 25. Kc1 Qa3+ 26. Kd2 Qd6+ 0-1

[Variant "Standard"]
[Site "Europe Echecs"]

[Event "Sunway Sitges Chess Festival"]
[Date "2024.12.21"]
[White "Chanturia, Giorgi Mal"]
[Black "kiladze, Luka"]
[WhiteElo "2042"]
[BlackElo "2359"]
[Round "4.22"]
[Result "1/2-1/2"]
[TimeControl "40/5400+30:1800+30"]

1. e4 d6 2. d4 Nf6 3. Nc3 e5 4. Nf3 Nbd7 5. h3 Be7 6. g4 c6 7. a4 O-O 8. g5 Nh5 9.
Be2 Re8 10. Rg1 g6 11. Be3 Bf8 12. Nh2 Nf4 13. Bxf4 exf4 14. Qd2 Bg7 15. O-O-O c5 16. Nf3 cxd4 17. Nxd4 Nc5 18. Bb5 Nxe4 19. Qxf4 Nxc3 20. Bxe8 Na2+ 21.
Kb1 Qxe8 22. Kxa2 Qxa4+ 23. Kb1 Bf5 24.
Qxd6 Bxd4 25. Rxd4 Bxc2+ 26. Kc1 Qa1+ 27. Kxc2 Qxg1 28. Qf6 Rf8 29. Rd8 Qe1 30. Rxf8+ Kxf8 31. Qh8+ Ke7 32. Qf6+ Ke8 33. Qh8+ Kd7 34. Qd4+ Ke8 35. Qh8+ Ke7 36. Qf6+ Ke8 1/2-1/2

[Variant "Standard"]
[Site "Europe Echecs"]

[Event "Sunway Sitges Chess Festival"]
[Date "2024.12.21"]
[White "Ivanchuk, Vasyl"]
[Black "Coles, Ruben"]
[WhiteElo "2630"]
[BlackElo "2155"]
[Round "4.23"]
[Result "1-0"]
[TimeControl "40/5400+30:1800+30"]

1. e4 e6 2. d4 d5 3. Nc3 Nf6 4. e5 Nfd7 5. f4 c5 6. Nf3 Nc6 7. Be3 cxd4 8. Nxd4 Qb6 9. Qd2 Qxb2 10. Rb1 Qa3 11. Bb5 Nxd4 12. Bxd4 a6 13. Rb3 Qe7 14. Ba4 b5 15. Bxb5 axb5 16. Nxb5 Qd8 17. Qc3 Qa5 18. Nc7+ Kd8 19. Nxa8 Qxa8 20. Kd2 Qa4 21. Rhb1 Ba6 22. Rb7 Bxb7 23. Rxb7 Qc4 24. Qa5+ Ke8 25. Qa8+ Ke7 26. Qa7 Qc8 27. Rc7 Qd8 28. Qb7 Ke8 1-0

[Variant "Standard"]
[Site "Europe Echecs"]

[Event "Sunway Sitges Chess Festival"]
[Date "2024.12.21"]
[White "Velten, Paul"]
[Black "Lyutsinger, Iren"]
[WhiteElo "2501"]
[BlackElo "2150"]
[Round "4.24"]
[Result "1-0"]
[TimeControl "40/5400+30:1800+30"]

1. e4 c5 2. Nc3 d6 3. Nge2 g6 4. d4 cxd4 5. Nxd4 Bg7 6. Be3 Nf6 7. f3 Nc6 8. Qd2 O-O 9. g4 Bd7 10. h4 h5 11. O-O-O Qa5 12. Nb3 Qc7 13. Nd5 Nxd5 14. exd5 Ne5 15. gxh5 Bf5 16. Nd4 Rfc8 17. Nxf5 Nxf3 18. Qd3 gxf5 19. Kb1 Qa5 20. Bc1 Ne1 21. Qg3 Nxc2 22. h6 Na3+ 23. Qxa3 Qc7 24. Bd3 1-0

[Variant "Standard"]
[Site "Europe Echecs"]

[Event "Sunway Sitges Chess Festival"]
[Date "2024.12.21"]
[White "Girel, Joseph"]
[Black "Montes Molina, Ivan"]
[WhiteElo "2494"]
[BlackElo "2144"]
[Round "4.25"]
[Result "1-0"]
[TimeControl "40/5400+30:1800+30"]

1. d4 Nf6 2. c4 g6 3. Nc3 Bg7 4. e4 d6 5. Be2 O-O 6. Be3 Nc6 7. d5 Ne5 8. Rc1 e6 9. f4 Ned7 10. dxe6 fxe6 11. Nh3 b6 12. O-O Bb7 13. Qc2 Nc5 14. Bf3 e5 15. f5 gxf5 16. exf5 Bxf3 17. Rxf3 e4 18. Rg3 Nh5 19. Rg5 Qe8 20. Nd5 h6 21. Nxc7 Qf7 22. Rxg7+ Qxg7 23. Nxa8 Nd3 24. Rf1 Rxa8 25. Qe2 Nf6 26. Bd4 Re8 27. Nf4 Nxf4 28. Rxf4 Qg5 29. g3 Kh7 30. Bxf6 Qxf6 31. Rxe4 Rxe4 32. Qxe4 Qxb2 33. f6+ 1-0

[Variant "Standard"]
[Site "Europe Echecs"]

[Event "Sunway Sitges Chess Festival"]
[Date "2024.12.21"]
[White "Atanasov, Anthony"]
[Black "Hristodorescu, Daniel"]
[WhiteElo "2415"]
[BlackElo "2138"]
[Round "4.26"]
[Result "1-0"]
[TimeControl "40/5400+30:1800+30"]

1. e4 e5 2. Nf3 Nc6 3. Bb5 a6 4. Ba4 Nf6 5. Nc3 d6 6. Bxc6+ bxc6 7. d4 Nd7 8.
O-O Be7 9. b3 O-O 10. Bb2 Bf6 11. Na4 Re8 12. Re1 exd4 13. Bxd4 Bb7 14. Nc3 Bxd4
15. Qxd4 Qe7 16. Re3 Ne5 17. Nxe5 Qxe5 18. Qxe5 Rxe5 19. f4 Re7 20. Rae1 Rae8
21. e5 Bc8 22. Kf2 Kf8 23. exd6 Rxe3 24. Rxe3 cxd6 25. Ne4 Rd8 26. h3 h6 27. Ke2
a5 28. Kd2 f5 29. Nc3 Kf7 30. Ne2 c5 31. g3 Be6 32. Nc3 g5 33. Nb5 Rd7 34. h4
gxf4 35. gxf4 Kf6 36. Rd3 d5 37. Rc3 c4 38. Nd4 Rg7 39. Re3 Bc8 40. Re8 Rg2+ 41.
Ke3 Bd7 42. Re5 cxb3 43. axb3 Rg3+ 44. Ke2 Rg4 45. Rxd5 Ke7 46. Nxf5+ Ke6 47.
Rd6+ Kxf5 48. Rxd7 Rxh4 49. Rd5+ Ke4 50. Re5+ Kxf4 51. Rxa5 Rh3 52. b4 Ke4 53.
Rc5 Rh2+ 54. Kf1 h5 55. b5 h4 56. Rc4+ Ke3 57. b6 h3 58. Rc3+ Kd2 59. b7 Rh1+
60. Kf2 h2 61. Rd3+ Kxc2 62. b8=Q Rf1+ 63. Kg3 1-0

[Variant "Standard"]
[Site "Europe Echecs"]

[Event "Sunway Sitges Chess Festival"]
[Date "2024.12.21"]
[White "Liu, Xiangyi"]
[Black "Lopez Garcia, Miguel Angel"]
[WhiteElo "2372"]
[BlackElo "2127"]
[Round "4.27"]
[Result "1-0"]
[TimeControl "40/5400+30:1800+30"]

1. Nf3 Nf6 2. d4 d5 3. g3 c5 4. Bg2 cxd4 5. Nxd4 e5 6. Nb3 h6 7. c4 d4 8. O-O Nc6 9. f4 e4 10. f5 g6 11. e3 d3 12. fxg6 fxg6 13. Nc3 Bf5 14. Nd2 Bg7 15. Ndxe4 Ng4 16. Nd5 Nge5 17. Rxf5 gxf5 18. Qh5+ Nf7 19. Qxf5 O-O 20. Nef6+ Bxf6 21. Nxf6+ Kg7 22.
Be4 Rh8 23. Qg6+ Kf8 24. Bd2 Qd6 25.
Bxc6 bxc6 26. Rf1 Rd8 27. Nh7+ Rxh7 28.
Qxh7 Rd7 29. Qh8+ Ke7 30. Qg8 1-0

[Variant "Standard"]
[Site "Europe Echecs"]

[Event "Sunway Sitges Chess Festival"]
[Date "2024.12.21"]
[White "Villar Reymundo, Juan Antonio"]
[Black "Tan, Jun Ying"]
[WhiteElo "2147"]
[BlackElo "2357"]
[Round "4.28"]
[Result "0-1"]
[TimeControl "40/5400+30:1800+30"]

1. e4 c5 2. Nf3 d6 3. Bb5+ Nd7 4. O-O a6 5. Bd3 Ngf6 6. c3 b5 7. Bc2 c4 8. a4 Bb7 9. Re1 e6 10. axb5 axb5 11. Rxa8 Qxa8 12. Na3 Bxe4 13. Bxe4 Nxe4 14. Nxb5 Qb7 15. Qa4 d5 16. d4 cxd3 17. Bf4 Bc5 18. Nc7+ Ke7 19. Nd4 Rc8 20. Nc6+ Kf8 21. Rxe4 Qxb2 22. h4 Qxf2+ 0-1

[Variant "Standard"]
[Site "Europe Echecs"]

[Event "Sunway Sitges Chess Festival"]
[Date "2024.12.21"]
[White "Mannion, Stephen R"]
[Black "Arkell, Keith C"]
[WhiteElo "2139"]
[BlackElo "2355"]
[Round "4.29"]
[Result "1-0"]
[TimeControl "40/5400+30:1800+30"]

1. e4 c6 2. d4 d5 3. e5 Qc7 4. Bd3 c5 5. c3 Nc6 6. Ne2 g6 7. O-O Nh6 8. Bf4 Be6 9. dxc5 Nf5 10. g4 Ng7 11. Nd4 h5 12. g5 a6 13. Nd2 h4 14. b4 Bh3 15. Re1 Qd7 16. N2b3 Bg4 17. f3 Be6 18. a4 Nf5 19. Nxc6 bxc6 20. Nd4 Bg7 21. Qe2 Qb7 22. b5 Nxd4 23. cxd4 axb5 24. axb5 Rxa1 25. Rxa1 cxb5 26. c6 Qc8 27. Ra7 O-O 28. c7 Bh3 29. Qc2 Qe6 30. Bxb5 Kh7 31. Ra6 Qc8 32. Rb6 Qa8 33. Ba6 Bc8 34. Qc6 Qa7 35. Be3 Bxe5 36. dxe5 Bxa6 37. Qa4 Ra8 38. Qxh4+ Kg8 39. Rxg6+ 1-0

[Variant "Standard"]
[Site "Europe Echecs"]

[Event "Sunway Sitges Chess Festival"]
[Date "2024.12.21"]
[White "Dhruva Thota"]
[Black "Sijpkens, Michiel"]
[WhiteElo "2351"]
[BlackElo "2120"]
[Round "4.30"]
[Result "1-0"]
[TimeControl "40/5400+30:1800+30"]

1. e4 c6 2. d4 d5 3. e5 Bf5 4. Nf3 e6 5. Be2 Nd7 6. O-O Ne7 7. c3 h6 8. Na3 a6 9. Nc2 c5 10. dxc5 Nc6 11. b4 Qc7 12. Ncd4 Bg4 13. Bf4 g5 14. Bg3 Bxf3 15. Bxf3 Bg7 16. Bg4 Nf8 17. Nxc6 bxc6 18. Qe2 Nd7 19. Rae1 a5 20. f4 axb4 21. cxb4 gxf4 22. Bxf4 Rf8 23. Bh5 O-O-O 24. Bg3 Nb8 25. Qg4 Bh8 26. Qd4 Qa7 27. a4 Rd7 28. b5 Rb7 29. Rb1 Qa5 30. b6 Nd7 31. Rbc1 f6 32. exf6 Rxf6 33. Qg4 Qd2 34. Qg8+ Nf8 35. Qxh8 Qd4+ 36. Bf2 Qf4 37. Bg3 Qd4+ 38. Rf2 Qe3 39. Qxf6 Qxc1+ 40. Rf1 Qxc5+ 41. Kh1 Rxb6 42. Bf2 Nd7 43. Qh8+ 1-0

[Variant "Standard"]
[Site "Europe Echecs"]

[Event "Sunway Sitges Chess Festival"]
[Date "2024.12.21"]
[White "Alexiadis, Hristos"]
[Black "Koskinen, Henri"]
[WhiteElo "2341"]
[BlackElo "2118"]
[Round "4.31"]
[Result "1/2-1/2"]
[TimeControl "40/5400+30:1800+30"]

1. Nf3 d5 2. c4 e6 3. g3 Nf6 4. Bg2 dxc4 5. Qa4+ c6 6. Qxc4 b5 7. Qc2 Bb7 8. a4 Nbd7 9. O-O Rc8 10. Nc3 a6 11. Rd1 Qb6 12. d3 c5 13. axb5 axb5 14. e4 Be7 15. h3 O-O 16. Be3 b4 17. Na4 Qb5 18. b3 Rfd8 19. Nb2 Nb8 20. Nc4 Nc6 21. d4 cxd4 22. Nxd4 Nxd4 23. Bxd4 Nd7 24. Qb2 Bf8 25. Ra5 Qc6 26. Rg5 e5 27. Bxe5 Nxe5 28. Rxd8 Rxd8 29. Rxe5 Qd7 30. Ra5 Qd1+ 31. Kh2 Rd3 32. Ra7 Rxb3 33. Ne3 Rxb2 34. Nxd1 Rd2 35. Rxb7 Rxd1 36. e5 g6 37. Rb5 Be7 38. h4 h5 39. Bd5 Kf8 40. Kg2 Rc1 41. Rb8+ Kg7 42. Rb7 Kf8 43. Kf3 Rc2 44. Rb8+ Kg7 45. Rb7 Kf8 46. Rb8+ Kg7 47. Rb7 1/2-1/2

[Variant "Standard"]
[Site "Europe Echecs"]